 Dungeon Crawl Stone Soup version 0.18.1-48-g4cf74bf (webtiles) character file.

4233 Heedrag the Destroyer (level 10, -6/50 HPs)
             Began as a Deep Elf Conjurer on July 29, 2016.
             Hit by a stone thrown by an orc warrior (15 damage)
             ... on level 10 of the Dungeon.
             The game lasted 00:19:53 (8033 turns).

Heedrag the Destroyer (Deep Elf Conjurer)           Turns: 8033, Time: 00:19:53

Health: -6/50      AC:  3    Str:  8    XL:     10   Next: 9%
Magic:  11/26      EV: 13    Int: 21    God:
Gold:   325        SH:  0    Dex: 15    Spells: 4 memorised, 16 levels left

rFire  . . .     SeeInvis .     n - +0 dagger
rCold  . . .     Gourm    .     a - +0 robe
rNeg   . . .     Faith    .     (no shield)
rPois  +         Spirit   .     v - +0 helmet
rElec  .         Dismiss  .     (no cloak)
rCorr  .         Reflect  .     (no gloves)
SustAt .         Harm     .     (no boots)
MR     +....                    (no amulet)
Stlth  ++........               A - ring of wizardry
                                D - ring of poison resistance

@: somewhat resistant to hostile enchantments, unstealthy
A: no striking features
a: no special abilities


You were on level 10 of the Dungeon.
You were not hungry.

You visited 2 branches of the dungeon, and saw 10 of its levels.

You collected 325 gold pieces.

Inventory:

Hand Weapons
 n - a +0 dagger (weapon)
Armour
 a - a +0 robe (worn)
 v - a +0 helmet (worn)
Jewellery
 u - a -2 ring of dexterity
 A - a ring of wizardry (right hand)
 D - a ring of poison resistance (left hand)
 H - an uncursed ring of ice
Wands
 x - a wand of polymorph (2/24)
 y - a wand of random effects (22/48)
Scrolls
 d - 3 scrolls of enchant weapon {unknown}
 e - 6 scrolls of remove curse
 f - a scroll of random uselessness {unknown}
 g - 6 scrolls of identify {unknown}
 j - a scroll of amnesia {unknown}
 k - a scroll of noise {unknown}
 l - 4 scrolls of magic mapping {unknown}
 m - a scroll of recharging {unknown}
 o - 4 scrolls of teleportation {unknown}
 q - a scroll of immolation {unknown}
 F - 3 scrolls of fear {unknown}
 G - a scroll of blinking {unknown}
Potions
 h - a potion of lignification {unknown}
 p - 2 potions of flight {unknown}
 t - 2 potions of cure mutation {unknown}
 z - 2 potions of curing {unknown}
 C - a potion of brilliance {unknown}
 E - 2 potions of mutation {unknown}
 I - a potion of might
Books
 b - a book of Conjurations

   Spells                             Type                      Level
   a - Magic Dart                     Conjuration                  1
   b - Searing Ray                    Conjuration                  2
   c - Dazzling Spray                 Conjuration/Hexes            3
   d - Fulminant Prism                Conjuration/Hexes            4
   e - Iskenderun's Mystic Blast      Conjuration                  4
   f - Iskenderun's Battlesphere      Conjuration/Charms           5
 B - a book of Death

   Spells                             Type                      Level
   a - Corpse Rot                     Necromancy                   2
   b - Sublimation of Blood           Necromancy                   2
   c - Agony                          Necromancy                   5
   d - Dispel Undead                  Necromancy                   5
   e - Excruciating Wounds            Charms/Necromancy            5
   f - Bolt of Draining               Conjuration/Necromancy       5
Comestibles
 c - 5 bread rations
 i - 2 royal jellies
 r - 2 beef jerkies
 s - a fruit
 w - 9 chunks of flesh


   Skills:
 - Level 2.4 Dodging
 - Level 2.4 Stealth
 + Level 10.1 Spellcasting
 * Level 12.1 Conjurations
 + Level 9.7 Charms


You had 16 spell levels left.
You knew the following spells:

 Your Spells              Type           Power        Failure   Level  Hunger
a - Magic Dart            Conj           ####         1%          1    None
b - Dazzling Spray        Conj/Hex       #####.       1%          3    None
c - Iskenderun's Mystic   Conj           ######..     1%          4    ##.....
d - Iskenderun's Battles  Conj/Chrm      ######..     1%          5    ####...


Dungeon Overview and Level Annotations

Branches:
Dungeon (10/15)            Temple (1/1) D:4
   Lair: D:8-11         Orc: D:9-12

Altars:
Ashenzari
Cheibriados
Dithmenos
Elyvilon
Fedhas
Gozag
Kikubaaqudgha
Makhleb
Nemelex Xobeh
Okawaru
Pakellas
Qazlal
Ru
Sif Muna
Trog
Xom
Yredelemnul
Zin

Annotations:
D:6 exclusion: killer bee
D:10 exclusion: door


Message History

Ye swap places.
Tha orc warrior throws a stone.
Tha stone hits ye!
Thin's tha be 'ere: 3 stones; a yak corpse; an adder skeleton Castin': Magic Dart Confirm wit' . or Enter, or press ? or * ta list all spells.
Aimin': Magic Dart
Press: ? - help, Shift-Dir - straight line, f - orc warrior
Aim: an orc warrior, wieldin' a scimitar an' wearin' a plate armour Tha magic dart hits tha orc warrior.
Tha orc warrior throws a stone.
Tha stone hits ye!
* * * LOW HITPOINT WARNIN'
* * * Castin': Magic Dart Confirm wit' . or Enter, or press ? or * ta list all spells.
Aimin': Magic Dart
Press: ? - help, Shift-Dir - straight line, f/p - orc warrior
Aim: an orc warrior, wieldin' a scimitar an' wearin' a plate armour Tha magic dart hits tha orc warrior.
Tha orc warrior be lightly wounded.
Tha orc warrior throws a stone.
Tha stone hits ye!
Ye die...

############ #...........#
. +...........# ..
#...........# ...
#...........# ....
#......>....###.<...
#....†......#.......
#..........@*.#
#......)....### ####
########...## ..#
#####...### #.#
#...../.(.### ####'########
#.........'.# #............
#.........#.# #............
#...o....(#.###............
#.........#*.##............


You could see an orc warrior and a friendly battlesphere (wandering).

Vanquished Creatures
  The ghost of Ferkelamun the Infuser, a novice MfSk of Okawaru (D:6)
  Sigmund (D:3)
  Eustachio (D:5)
  5 yaks
  A black bear (D:7)
  2 ice beasts (D:7)
  3 sky beasts
  An ogre (D:7)
  4 phantoms
  2 centaurs
  A big kobold (D:7)
  6 giant frogs
  A gnoll sergeant (D:6)
  Blork the orc (D:5)
  A scorpion (D:5)
  5 orc wizards
  A giant frog zombie (D:7)
  2 hounds (D:4)
  An orc priest (D:5)
  5 centaur skeletons
  A jelly (D:6)
  3 iguanas
  12 worker ants
  A hound zombie (D:5)
  2 hound skeletons
  A worker ant zombie (D:10)
  8 adders
  3 gnolls (D:6)
  3 shadow imps
  An ooze (D:2)
  2 worms
  A dart slug (D:2)
  5 giant geckos
  16 orcs
  5 bats
  4 giant cockroaches
  5 goblins
  8 hobgoblins
  6 jackals
  2 quokkas
  2 ball pythons
  A giant gecko skeleton (D:4)
  5 giant newts
  9 kobolds
  6 rats
157 creatures vanquished.

Vanquished Creatures (others)
  A quokka (D:3)
1 creature vanquished.

Grand Total: 158 creatures vanquished

Notes
Turn   | Place    | Note
--------------------------------------------------------------
     0 | D:1      | Heedrag the Deep Elf Conjurer began the quest for the Orb.
     0 | D:1      | Reached XP level 1. HP: 10/10 MP: 6/6
     3 | D:1      | Noticed an electric eel
     3 | D:1      | Noticed an electric eel
   184 | D:1      | Reached XP level 2. HP: 15/15 MP: 6/8
   433 | D:1      | Reached skill level 5 in Conjurations
   540 | D:2      | Reached XP level 3. HP: 17/19 MP: 3/10
   545 | D:2      | Learned a level 3 spell: Dazzling Spray
  1262 | D:3      | Reached XP level 4. HP: 19/24 MP: 0/12
  1440 | D:3      | Found a white marble altar of Elyvilon.
  1594 | D:3      | Noticed Sigmund
  1655 | D:3      | Learned a level 4 spell: Iskenderun's Mystic Blast
  1808 | D:4      | Noticed a phantom
  1985 | D:4      | Reached skill level 6 in Conjurations
  2125 | D:4      | Reached XP level 5. HP: 10/28 MP: 2/14
  2216 | D:4      | Learned a level 5 spell: Iskenderun's Battlesphere
  2234 | D:4      | Found a staircase to the Ecumenical Temple.
  2240 | Temple   | Entered the Ecumenical Temple
  2413 | D:4      | Reached skill level 5 in Spellcasting
  2413 | D:4      | Reached skill level 1 in Charms
  2662 | D:4      | Reached XP level 6. HP: 16/32 MP: 1/16
  3050 | D:4      | Reached skill level 7 in Conjurations
  3087 | D:4      | HP: 1/32 [iguana (6)]
  3657 | D:4      | Reached XP level 7. HP: 36/36 MP: 6/18
  3778 | D:5      | Entered Level 5 of the Dungeon
  3840 | D:5      | Noticed Blork the orc
  3885 | D:5      | Found a shimmering altar of Xom.
  3919 | D:5      | Killed Blork the orc
  4010 | D:5      | Reached skill level 8 in Conjurations
  4318 | D:5      | Noticed Eustachio
  4462 | D:6      | Reached skill level 5 in Charms
  4721 | D:5      | Reached XP level 8. HP: 41/41 MP: 3/20
  5032 | D:5      | Killed Eustachio
  5032 | D:5      | Reached skill level 9 in Conjurations
  5402 | D:3      | Killed Sigmund
  5603 | D:6      | Noticed Ferkelamun's ghost (novice MfSk)
  5613 | D:6      | Killed Ferkelamun's ghost
  5613 | D:6      | Reached skill level 10 in Conjurations
  5739 | D:6      | Found a blossoming altar of Fedhas.
  5741 | D:6      | Found an ancient bone altar of Kikubaaqudgha.
  5764 | D:6      | Reached XP level 9. HP: 45/45 MP: 15/23
  6869 | D:7      | Reached skill level 11 in Conjurations
  7346 | D:7      | Found an opulent altar of Gozag.
  7347 | D:7      | Found a glowing silver altar of Zin.
  7561 | D:7      | You fall through a shaft for 2 floors!
  7769 | D:10     | Entered Level 10 of the Dungeon
  7799 | D:10     | Noticed a hill giant
  7929 | D:10     | Reached skill level 12 in Conjurations
  7929 | D:10     | Reached XP level 10. HP: 50/50 MP: 13/25
  7934 | D:10     | Reached skill level 10 in Spellcasting
  8033 | D:10     | Hit by a stone thrown by an orc warrior

Skill      XL: |  1  2  3  4  5  6  7  8  9 10 |
---------------+-------------------------------+-----
Conjurations   | 5 6 7 8 10 12 | 12.1
Spellcasting   | 4 5 6 7 8 9 10 | 10.1
Charms         | 2 3 5 7 9 |  9.7
Dodging        | |  2.4
Stealth        | |  2.4

Action                   |  1- 3 |  4- 6 |  7- 9 | 10-12 || total
-------------------------+-------+-------+-------+-------++-------
Melee: Unarmed           |     3 |       |    15 |       ||    18
       Dagger            |       |     6 |     2 |       ||     8
 Cast: Magic Dart        |    82 |    97 |   230 |    15 ||   424
       Dazzling Spray    |     2 |    13 |     5 |       ||    20
       Iskenderun's Myst |       |     1 |     3 |     1 ||     5
       Iskenderun's Batt |       |     1 |    30 |     1 ||    32
  Use: Scroll            |       |       |     1 |       ||     1
 Stab: Confused          |       |       |     1 |       ||     1
  Eat: Chunk             |     1 |     8 |    14 |     1 ||    24
       Meat ration       |       |       |     1 |       ||     1
       Pizza             |       |       |     1 |       ||     1
Armor: Robe              |     9 |     4 |    40 |     2 ||    55
       Skin              |       |       |    10 |       ||    10
Dodge: Dodged            |    20 |    33 |   115 |     2 ||   170
